 Dungeon Crawl Stone Soup version 0.27-a0-660-g90476cec82 (webtiles) character file.

Game seed: 14348006346930750702

172 rednaxela the Slasher (level 5, -1/49 HPs)
             Began as a Naga Monk on Mar 16, 2021.
             Slain by a gnoll shaman
             ... wielding a +0 whip
              (10 damage)
             ... on level 3 of the Dungeon.
             The game lasted 00:07:40 (3336 turns).

rednaxela the Slasher (Naga Monk)                   Turns: 3336, Time: 00:07:41

Health: -1/49      AC:  4    Str: 14    XL:     5   Next: 53%
Magic:  5/5        EV:  9    Int: 17    God:
Gold:   99         SH:  0    Dex: 13    Spells: 4/4 levels left

rFire    . . .     SeeInvis +   a - +0 falchion
rCold    . . .     Faith    .   (no shield)
rNeg     . . .     Spirit   .   m - +0 ring mail
rPois    +         Reflect  .   (no helmet)
rElec    .         Harm     .   (no cloak)
rCorr    .         Rampage  .   (no gloves)
Will     .....                  (no barding)
Stlth    ++........             (no amulet)
HPRegen  0.16/turn              g - +6 ring of intelligence
MPRegen  0.09/turn              (no ring)

@: short of breath, very slow
A: AC +1, large, see invisible, deformed body, poison resistance, slowness 2,
spit poison 1, naga tail 1
a: Spit Poison


You were on level 3 of the Dungeon.
You visited 1 branch of the dungeon, and saw 4 of its levels.

You collected 99 gold pieces.

Inventory:

Hand Weapons
 a - a +0 falchion (weapon)
Missiles
 e - 27 poisoned darts
Armour
 l - a +0 scale mail
   (You found it on level 3 of the Dungeon)
 m - a +0 ring mail (worn)
   (You found it on level 2 of the Dungeon)
Jewellery
 g - a +6 ring of intelligence (right hand)
   (You found it on level 1 of the Dungeon)
 j - a ring of fire
   (You found it on level 2 of the Dungeon)
Scrolls
 b - a scroll of fog {unknown}
 c - a scroll of enchant armour {unknown}
 d - a scroll of fear {!r}
 h - 2 scrolls of amnesia
 k - a scroll of immolation {unknown}
 n - a scroll of enchant weapon {unknown}
Potions
 f - a potion of might {@q3 !q}
 i - a potion of brilliance


   Skills:
 - Level 3.1 Fighting
 + Level 5.8 Long Blades
 - Level 2.5 Dodging
 - Level 3.2 Stealth


You had 4 spell levels left.
You didn't know any spells.
Your spell library was empty.

Dungeon Overview and Level Annotations

Branches:
Dungeon (4/15)
 Temple: D:4-7

Altars:


Innate Abilities, Weirdness & Mutations

Your serpentine skin is tough. (AC +1)
You have supernaturally acute eyesight. (SInv)
Armour fits poorly on your strangely shaped body.
Your system is resistant to poisons. (rPois)
You cover ground very slowly.
You can spit poison.
You have a snake-like lower body.


Message History

The orc wizard is heavily wounded.
The orc wizard hits you with a +0 dagger.
You hit the orc wizard.
The orc wizard is almost dead.
The orc wizard hits you with a +0 dagger.
You miss the orc wizard.
The orc wizard is almost dead.
The orc wizard gestures at you while chanting.
You resist with some effort.
You hit the orc wizard but do no damage.
The orc wizard is almost dead.
The orc wizard hits you but does no damage.
You hit the orc wizard.
You kill the orc wizard!
Things that are here:
a +0 dagger; a +0 robe; an orc corpse
e - 29 poisoned darts (gained 1)
You start resting.
HP restored.
A gnoll shaman comes into view. It is wielding a +0 whip.
The gnoll shaman shouts!
You hear a shout! x2
A gnoll comes into view.
It is wielding a +0 halberd. 2 gnolls come into view.
The gnoll shouts! x2
A gnoll comes into view.
It is wielding a +1 whip of electrocution.
The gnoll moves out of view.
The gnoll shaman barely misses you.
Things that are here:
a +0 dagger; a +0 robe; an orc corpse
There is a stone staircase leading up here.
The gnoll shaman barely misses you.
You climb upwards.
There is a stone staircase leading down here.
You closely miss the gnoll shaman.
The gnoll shaman hits you with a +0 whip!
You closely miss the gnoll shaman. The gnoll shaman barely misses you.
You riposte.
You hit the gnoll shaman.
The gnoll shaman is lightly wounded.
You hit the gnoll shaman but do no damage.
The gnoll shaman is lightly wounded.
The gnoll shaman hits you with a +0 whip.
You closely miss the gnoll shaman.
The gnoll shaman is lightly wounded.
The gnoll shaman hits you with a +0 whip.
You hit the gnoll shaman but do no damage.
The gnoll shaman is lightly wounded.
The gnoll shaman hits you with a +0 whip.
The splash of poison misses the gnoll shaman.
The gnoll shaman closely misses you.
You riposte.
You hit the gnoll shaman.
The gnoll shaman is heavily wounded.
Throw: 29 darts (poison)
Press: ? - help, Shift-Dir - straight line, f/p - gnoll shaman
Aim: a gnoll shaman, wielding a +0 whip and wearing a +0 leather armour (heavily wounded, 61% to hit)
You throw a poisoned dart.
The poisoned dart hits the gnoll shaman.
The gnoll shaman is poisoned.
The gnoll shaman is heavily wounded.
The gnoll shaman hits you with a +0 whip!
* * * LOW HITPOINT WARNING * * *
You hit the gnoll shaman.
The gnoll shaman is heavily wounded.
The gnoll shaman closely misses you.
You hit the gnoll shaman but do no damage.
The gnoll shaman is heavily wounded.
The gnoll shaman completely misses you.
You barely miss the gnoll shaman.
The gnoll shaman is heavily wounded.
You have got your breath back.
The gnoll shaman hits you with a +0 whip.
* * * LOW HITPOINT WARNING * * *
You hit the gnoll shaman.
The gnoll shaman is almost dead.
The gnoll shaman hits you with a +0 whip!
* * * LOW HITPOINT WARNING * * *
You hit the gnoll shaman but do no damage.
The gnoll shaman is almost dead.
The gnoll shaman hits you with a +0 whip.
* * * LOW HITPOINT WARNING * * *
You barely miss the gnoll shaman.
The gnoll shaman is almost dead.
The gnoll shaman looks more healthy.
The gnoll shaman hits you with a +0 whip.
* * * LOW HITPOINT WARNING * * *
You barely miss the gnoll shaman.
The gnoll shaman is almost dead.
The gnoll shaman mumbles some strange prayers to its god.
The gnoll shaman is healed somewhat.
You are too injured to fight recklessly!
Okay, then.
Press: ? - help, Shift-Dir - straight line, f/p - gnoll shaman
Aim: a gnoll shaman, wielding a +0 whip and wearing a +0 leather armour (severely wounded)
The splash of poison misses the gnoll shaman.
The gnoll shaman closely misses you.
Throw: 28 darts (poison)
Press: ? - help, Shift-Dir - straight line, f/p - gnoll shaman
Aim: a gnoll shaman, wielding a +0 whip and wearing a +0 leather armour (severely wounded, 61% to hit)
You throw a poisoned dart.
The poisoned dart closely misses the gnoll shaman.
The gnoll shaman hits you with a +0 whip!
You die...

#.# ##### #.#
#...# #.# #...#
#.# #...## #.#
#....# #####.#
##...# #.....#
###...####.....###
#@g.............^.
#.#...####....####
#.#...# #..[.#
#.#...# #....#
#.#..(#########
#.####........####
#.................
######).......####
#........#


You could see a gnoll shaman.

Vanquished Creatures
  An orc wizard (D:4)
  A worker ant (D:2)
  6 adders
  An ooze (D:1)
  A worm (D:2)
  4 dart slugs (D:1)
  A leopard gecko (D:2)
  An orc (D:3)
  A ball python (D:2)
  3 giant cockroaches
  7 hobgoblins
  5 jackals (D:3)
  2 quokkas
  3 bats
  5 frilled lizards
  5 goblins
  6 kobolds
  4 rats
57 creatures vanquished.

Notes
Turn   | Place    | Note
-------+----------+-------------------------------------------
     0 | D:1      | rednaxela the Naga Monk began the quest for the Orb.
     0 | D:1      | Reached XP level 1. HP: 21/21 MP: 1/1
   105 | D:1      | Reached XP level 2. HP: 26/28 MP: 2/2
   404 | D:1      | Reached XP level 3. HP: 34/34 MP: 3/3
   669 | D:2      | Reached skill level 4 in Long Blades
  1410 | D:2      | Reached XP level 4. HP: 23/42 MP: 4/4
  1963 | D:2      | Reached skill level 5 in Long Blades
  2565 | D:3      | Reached XP level 5. HP: 49/49 MP: 5/5
  2968 | D:3      | Found a faded altar of an unknown god.
  3214 | D:4      | Noticed an orc warrior
  3336 | D:3      | Slain by a gnoll shaman

Illustrated notes

Levels and vault maps discovered:
D:1:      dpeg_arrival_water_temple_mockup, layout_rooms
D:2:      layout_basic
D:3:      layout_basic, chequers_ecumenical_altar_simple_redux
D:4:      layout_basic, gammafunk_temple_overflow_pools

Skill      XL: |  1  2  3  4 |
---------------+-------------+-----
Long Blades    | 4 5 |  5.8
Fighting       | |  3.1
Dodging        | |  2.5
Stealth        | |  3.2

Action                   |  1- 3 |  4- 6 || total
-------------------------+-------+-------++-------
Melee: Falchion          |    61 |    90 ||   151
Throw: Dart              |       |    18 ||    18
 Abil: Spit Poison       |    23 |     9 ||    32
  Use: Scroll            |     3 |     2 ||     5
 Stab: Sleeping          |     4 |     2 ||     6
Armor: Robe              |     8 |     4 ||    12
       Ring mail         |       |    13 ||    13
Dodge: Dodged            |    32 |    52 ||    84
       Rpst.: Falchion   |     8 |    16 ||    24

Table legend: (Time is in decaauts)
 A = Elapsed time spent in this place.
 B = Non-inter-level travel time spent in this place.
 C = Inter-level travel time spent in this place.
 D = Time resting spent in this place.
 E = Time spent auto-exploring this place.
 F = Levels seen in this place.
 G = Mean time per level.
                   A        B        C        D        E       F      G
               +--------+--------+--------+--------+--------+-----+--------+
         Total |   4074 |   3761 |    313 |    401 |   2465 |   4 | 1018.5 |
       Dungeon |   4074 |   3761 |    313 |    401 |   2465 |   4 | 1018.5 |
               +--------+--------+--------+--------+--------+-----+--------+

Top non-repeatable levels by time:
     D:2: 1974 daAuts
     D:3: 991 daAuts
     D:1: 983 daAuts
     D:4: 124 daAuts
